ITL
TUSCALOOSA TROUT SLAYERS @ CAPE COD CLAMS
08/15/2026
 
TOP OF THE 1ST
Tuscaloosa Trout Slayers batting - Pitching for Cape Cod Clams : LHP Tom Miller
Pitching: LHP Tom Miller
Batting: RHB Lawrence Yates 0-0: Ball
1-0: Called Strike
1-1: Swinging Strike
1-2: Ball
2-2: Fly out, F6 (Popup, 6D)
Batting: LHB Ed Hart 0-0: Swinging Strike
0-1: Ball
1-1: Ground out 5-3 (Groundball, 56)
Batting: RHB Tetsunori Ito 0-0: Foul Ball, location: 2F
0-1: Ball
1-1: Foul Ball, location: 2F
1-2: Strikes out swinging
Top of the 1st over - 0 run(s), 0 hit(s), 0 error(s), 0 left on base; Tuscaloosa 0 - Cape Cod 0
BOTTOM OF THE 1ST
Cape Cod Clams batting - Pitching for Tuscaloosa Trout Slayers : RHP Jesús Zapata
Pitching: RHP Jesús Zapata
Batting: SHB Edgardo Osorio 0-0: Called Strike
0-1: Swinging Strike
0-2: Ball
1-2: Ball
2-2: Foul Ball, location: 2F
2-2: SINGLE (Groundball, 6MD)
Batting: RHB Yasuhiro Kobayashi 0-0: Called Strike
0-1: Foul Ball, location: 2F
0-2: Ball
1-2: Fly out, F8 (Flyball, 8LM)
Batting: LHB José González 0-0: Ball
Edgardo Osorio is caught stealing 2nd base
1-0: Called Strike
1-1: Swinging Strike
1-2: Strikes out swinging
Bottom of the 1st over - 0 run(s), 1 hit(s), 0 error(s), 0 left on base; Tuscaloosa 0 - Cape Cod 0
TOP OF THE 2ND
Tuscaloosa Trout Slayers batting - Pitching for Cape Cod Clams : LHP Tom Miller
Batting: LHB Albert Morgan 0-0: Called Strike
0-1: Called Strike
0-2: Ball
1-2: Ground out U3 (Groundball, 3)
Batting: LHB Ricardo Berroa 0-0: Foul Ball, location: 2F
0-1: Swinging Strike
0-2: Strikes out looking
Batting: LHB Marcos Villarreal 0-0: Ball
1-0: Foul Ball, location: 2F
1-1: Ground out 6-3 (Groundball, 6M)
Top of the 2nd over - 0 run(s), 0 hit(s), 0 error(s), 0 left on base; Tuscaloosa 0 - Cape Cod 0
BOTTOM OF THE 2ND
Cape Cod Clams batting - Pitching for Tuscaloosa Trout Slayers : RHP Jesús Zapata
Batting: LHB José Rivas 0-0: Foul Ball, location: 2F
0-1: Ball
1-1: Ball
2-1: Ball
3-1: Base on Balls
Batting: SHB Andrés Díaz 0-0: Ball
1-0: Called Strike
1-1: Foul Ball, location: 2F
1-2: Foul Ball, location: 2F
1-2: SINGLE (Groundball, 3S)
José Rivas to second
Runner from 2nd tries for 3rd, SAFE, no throw or cutoff
Batting: RHB Héctor Jiménez 0-0: Called Strike
0-1: Ball
1-1: Fly out, F9 (Flyball, 89M)
Runner from 3rd tags up, SCORES, throw made
Batting: SHB Dave Lee 0-0: Called Strike
0-1: Ball
1-1: Foul Ball, location: 2F
1-2: Strikes out looking
Batting: RHB Juan Marín 0-0: Ball
1-0: Ball
2-0: SINGLE (Groundball, 56D)
Andrés Díaz to second
Batting: RHB Marcos Castillo 0-0: Ball
1-0: SINGLE (Flyball, 89M)
Andrés Díaz to third
Juan Marín to second
Runner from 3rd tries for Home, SAFE, throw made home
Juan Marín to third
Marcos Castillo to second
Batting: SHB Edgardo Osorio 0-0: DOUBLE (Flyball, 78XD)
Juan Marín scores
Marcos Castillo scores
Batting: RHB Yasuhiro Kobayashi 0-0: Ball
1-0: Fly out, F9 (Flyball, 9M)
Bottom of the 2nd over - 4 run(s), 4 hit(s), 0 error(s), 1 left on base; Tuscaloosa 0 - Cape Cod 4
TOP OF THE 3RD
Tuscaloosa Trout Slayers batting - Pitching for Cape Cod Clams : LHP Tom Miller
Batting: SHB Tucker Thomas 0-0: Swinging Strike
0-1: Ball
1-1: Swinging Strike
1-2: Ball
2-2: Foul Ball, location: 2F
2-2: Strikes out looking
Batting: RHB Ben Morton 0-0: Ground out 5-3 (Groundball, 56S)
Batting: LHB Wilford Lush 0-0: Ball
1-0: Foul Ball, location: 2F
1-1: Foul Ball, location: 2F
1-2: Strikes out looking
Top of the 3rd over - 0 run(s), 0 hit(s), 0 error(s), 0 left on base; Tuscaloosa 0 - Cape Cod 4
BOTTOM OF THE 3RD
Cape Cod Clams batting - Pitching for Tuscaloosa Trout Slayers : RHP Jesús Zapata
Batting: LHB José González 0-0: Ball
1-0: Ball
2-0: Ball
3-0: Called Strike
3-1: Swinging Strike
3-2: Foul Ball, location: 2F
3-2: Base on Balls
Batting: LHB José Rivas 0-0: Swinging Strike
0-1: Swinging Strike
0-2: Foul Ball, location: 2F
0-2: Strikes out swinging
Batting: SHB Andrés Díaz 0-0: Foul Ball, location: 2F
0-1: Ball
1-1: Swinging Strike
1-2: Ball
2-2: Fly out, F7 (Flyball, 7S)
Batting: RHB Héctor Jiménez 0-0: Foul Ball, location: 2F
0-1: Ball
1-1: Called Strike
1-2: Ball
2-2: Ball
3-2: Fly out, F9 (Popup, 34D)
Bottom of the 3rd over - 0 run(s), 0 hit(s), 0 error(s), 1 left on base; Tuscaloosa 0 - Cape Cod 4
TOP OF THE 4TH
Tuscaloosa Trout Slayers batting - Pitching for Cape Cod Clams : LHP Tom Miller
Batting: RHB Lawrence Yates 0-0: Ball
1-0: Ball
2-0: Called Strike
2-1: Ball
3-1: Called Strike
3-2: Base on Balls
Batting: LHB Ed Hart 0-0: Ball
1-0: Foul Ball, location: 2F
1-1: Ball
2-1: Foul Ball, location: 2F
2-2: Foul Ball, location: 2F
2-2: Foul Ball, location: 2F
2-2: Ball
3-2: Hit by Pitch
Lawrence Yates to second
Batting: RHB Tetsunori Ito 0-0: Ball
1-0: Foul Ball, location: 2F
1-1: Called Strike
1-2: Strikes out looking
Batting: LHB Albert Morgan 0-0: Ball
1-0: Fly out, F6 (Popup, 6MD)
Batting: LHB Ricardo Berroa 0-0: Swinging Strike
0-1: Ball
1-1: Ball
2-1: Called Strike
2-2: Foul Ball, location: 2F
2-2: Ball
3-2: Strikes out swinging
Top of the 4th over - 0 run(s), 0 hit(s), 0 error(s), 2 left on base; Tuscaloosa 0 - Cape Cod 4
BOTTOM OF THE 4TH
Cape Cod Clams batting - Pitching for Tuscaloosa Trout Slayers : RHP Jesús Zapata
Batting: SHB Dave Lee 0-0: Ball
1-0: Swinging Strike
1-1: Ball
2-1: Called Strike
2-2: Fly out, F6 (Popup, 6)
Batting: RHB Juan Marín 0-0: Ball
1-0: Called Strike
1-1: DOUBLE (Line Drive, 89S)
Batting: RHB Marcos Castillo 0-0: DOUBLE (Flyball, 9LS)
Juan Marín scores
Batting: SHB Edgardo Osorio 0-0: Ball
1-0: Foul Ball, location: 2F
1-1: Called Strike
1-2: Ball
2-2: Ball
3-2: Foul Ball, location: 2F
3-2: SINGLE (Groundball, 34D) (infield hit)
Marcos Castillo to third
Batting: RHB Yasuhiro Kobayashi 0-0: Swinging Strike
0-1: Ball
1-1: Fielders Choice at 2nd, 3-6 (Groundball, 3)
Marcos Castillo scores
Batting: LHB José González 0-0: Called Strike
0-1: Ball
1-1: SINGLE (Groundball, 34)
Yasuhiro Kobayashi to second
Runner from 2nd tries for 3rd, SAFE, throw made to third
Batting: LHB José Rivas 0-0: Ball
1-0: Ball
2-0: Ball
3-0: Base on Balls
José González to second
Pitching: RHP Jules Côté
Batting: SHB Andrés Díaz 0-0: Ball
1-0: Swinging Strike
1-1: Called Strike
1-2: Ball
2-2: Strikes out swinging
Bottom of the 4th over - 2 run(s), 4 hit(s), 0 error(s), 3 left on base; Tuscaloosa 0 - Cape Cod 6
TOP OF THE 5TH
Tuscaloosa Trout Slayers batting - Pitching for Cape Cod Clams : LHP Tom Miller
Batting: LHB Marcos Villarreal 0-0: Foul Ball, location: 2F
0-1: Ball
1-1: Foul Ball, location: 2F
1-2: SINGLE (Groundball, 5D)
Batting: SHB Tucker Thomas 0-0: Ball
1-0: Ball
2-0: Called Strike
2-1: Fly out, F5 (Popup, 5DF)
Batting: RHB Ben Morton 0-0: Foul Ball, location: 2F
0-1: Ball
1-1: Ball
2-1: Called Strike
2-2: Fly out, F3 (Popup, 3DF)
Batting: LHB Wilford Lush 0-0: Ball
1-0: Swinging Strike
1-1: Swinging Strike
1-2: Strikes out swinging
Top of the 5th over - 0 run(s), 1 hit(s), 0 error(s), 1 left on base; Tuscaloosa 0 - Cape Cod 6
BOTTOM OF THE 5TH
Cape Cod Clams batting - Pitching for Tuscaloosa Trout Slayers : RHP Jules Côté
Batting: RHB Héctor Jiménez 0-0: Foul Ball, location: 2F
0-1: SINGLE (Groundball, 56)
Batting: SHB Dave Lee 0-0: Ball
1-0: Foul Ball, location: 2F
1-1: Called Strike
1-2: Ball
2-2: Ball
3-2: Ground out 6-3 (Groundball, 56)
Héctor Jiménez to second
Batting: RHB Juan Marín 0-0: Ball
1-0: Ball
2-0: Ball
3-0: Called Strike
3-1: Called Strike
3-2: Foul Ball, location: 2F
3-2: SINGLE (Groundball, 6MD)
Héctor Jiménez to third
Runner from 3rd tries for Home, SAFE, no throw or cutoff
Batting: RHB Marcos Castillo 0-0: Swinging Strike
0-1: Ball
1-1: Ball
2-1: Ball
3-1: Grounds into double play, 5-4-3 (Groundball, 5)
Bottom of the 5th over - 1 run(s), 2 hit(s), 0 error(s), 0 left on base; Tuscaloosa 0 - Cape Cod 7
TOP OF THE 6TH
Tuscaloosa Trout Slayers batting - Pitching for Cape Cod Clams : LHP Tom Miller
Batting: RHB Lawrence Yates 0-0: Called Strike
0-1: Swinging Strike
0-2: Strikes out swinging
Pitching: RHP Alfredo Montero
Batting: LHB Ed Hart 0-0: Ball
1-0: Ground out 6-3 (Groundball, 6)
Batting: RHB Tetsunori Ito 0-0: Ball
1-0: Foul Ball, location: 2F
1-1: Ball
2-1: Ball
3-1: Foul Ball, location: 2F
3-2: Strikes out looking
Top of the 6th over - 0 run(s), 0 hit(s), 0 error(s), 0 left on base; Tuscaloosa 0 - Cape Cod 7
BOTTOM OF THE 6TH
Cape Cod Clams batting - Pitching for Tuscaloosa Trout Slayers : RHP Jules Côté
Batting: SHB Edgardo Osorio 0-0: Ground out 4-3 (Groundball, 4)
Batting: RHB Yasuhiro Kobayashi 0-0: Ball
1-0: Called Strike
1-1: Foul Ball, location: 2F
1-2: Foul Ball, location: 2F
1-2: Strikes out swinging
Batting: LHB José González 0-0: Ball
1-0: Called Strike
1-1: Called Strike
1-2: Strikes out swinging
Bottom of the 6th over - 0 run(s), 0 hit(s), 0 error(s), 0 left on base; Tuscaloosa 0 - Cape Cod 7
TOP OF THE 7TH
Tuscaloosa Trout Slayers batting - Pitching for Cape Cod Clams : RHP Alfredo Montero
Batting: LHB Albert Morgan 0-0: SINGLE (Line Drive, 56D)
Batting: LHB Ricardo Berroa 0-0: Ball
1-0: Called Strike
1-1: Ball
2-1: Ball
3-1: Called Strike
Albert Morgan steals 2nd base
3-2: Foul Ball, location: 2F
3-2: Foul Ball, location: 2F
3-2: Base on Balls
Batting: LHB Marcos Villarreal 0-0: Fly out, F7 (Flyball, 78S)
Batting: SHB Tucker Thomas 0-0: Called Strike
0-1: Ball
1-1: Ball
2-1: Ball
3-1: Called Strike
3-2: SINGLE (Flyball, 89S)
Albert Morgan to third
Ricardo Berroa to second
Runner from 3rd tries for Home, SAFE, throw made home
Batting: RHB Ben Morton 0-0: Swinging Strike
0-1: Ball
1-1: SINGLE (Groundball, 4)
Ricardo Berroa to third
Tucker Thomas to second
Runner from 3rd tries for Home, SAFE, no throw or cutoff
Batting: LHB Wilford Lush 0-0: SINGLE (Line Drive, 4M)
Tucker Thomas to third
Ben Morton to second
Runner from 3rd tries for Home, SAFE, throw made at trailing runner, SAFE at third!
Pitching: RHP Mario González
Batting: RHB Lawrence Yates 0-0: Called Strike
0-1: Ball
1-1: Called Strike
Wilford Lush steals 2nd base
1-2: Strikes out swinging
Batting: LHB Ed Hart 0-0: Foul Ball, location: 2F
0-1: Foul Ball, location: 2F
0-2: Ball
1-2: Strikes out looking
Top of the 7th over - 3 run(s), 4 hit(s), 0 error(s), 2 left on base; Tuscaloosa 3 - Cape Cod 7
BOTTOM OF THE 7TH
Cape Cod Clams batting - Pitching for Tuscaloosa Trout Slayers : RHP Jules Côté
Pitching: RHP Juan Patino
Batting: LHB José Rivas 0-0: Foul Ball, location: 2F
0-1: Called Strike
0-2: Foul Ball, location: 2F
0-2: Ball
1-2: SINGLE (Line Drive, 56D)
Batting: SHB Andrés Díaz 0-0: Called Strike
0-1: Ball
1-1: Foul Ball, location: 2F
1-2: Ball
2-2: Ball
3-2: Strikes out swinging
Batting: RHB Héctor Jiménez 0-0: Ball
1-0: Fly out, F8 (Flyball, 8RD)
Batting: SHB Dave Lee 0-0: Ball
1-0: Called Strike
1-1: Ground out 4-3 (Groundball, 4)
Bottom of the 7th over - 0 run(s), 1 hit(s), 0 error(s), 1 left on base; Tuscaloosa 3 - Cape Cod 7
TOP OF THE 8TH
Tuscaloosa Trout Slayers batting - Pitching for Cape Cod Clams : RHP Mario González
Pitching: RHP Juan Reyes
Batting: RHB Tetsunori Ito 0-0: Foul Ball, location: 2F
0-1: Foul Ball, location: 2F
0-2: Strikes out swinging
Batting: LHB Albert Morgan 0-0: Foul Ball, location: 2F
0-1: Foul Ball, location: 2F
0-2: Ball
1-2: Ball
2-2: Ball
3-2: DOUBLE (Flyball, 89M)
Batting: LHB Ricardo Berroa 0-0: Ball
1-0: Swinging Strike
1-1: Foul Ball, location: 2F
1-2: Strikes out swinging
Batting: LHB Marcos Villarreal 0-0: Ball
1-0: Called Strike
1-1: Swinging Strike
1-2: Strikes out swinging
Top of the 8th over - 0 run(s), 1 hit(s), 0 error(s), 1 left on base; Tuscaloosa 3 - Cape Cod 7
BOTTOM OF THE 8TH
Cape Cod Clams batting - Pitching for Tuscaloosa Trout Slayers : RHP Juan Patino
Batting: RHB Juan Marín 0-0: Ball
1-0: Foul Ball, location: 2F
1-1: Foul Ball, location: 2F
1-2: Fly out, F9 (Popup, 9S)
Batting: RHB Marcos Castillo 0-0: Ball
1-0: Ball
2-0: Ground out 5-3 (Groundball, 56)
Batting: SHB Edgardo Osorio 0-0: Ball
1-0: Swinging Strike
1-1: Called Strike
1-2: Ground out 4-3 (Groundball, 4)
Bottom of the 8th over - 0 run(s), 0 hit(s), 0 error(s), 0 left on base; Tuscaloosa 3 - Cape Cod 7
TOP OF THE 9TH
Tuscaloosa Trout Slayers batting - Pitching for Cape Cod Clams : RHP Juan Reyes
Batting: SHB Tucker Thomas 0-0: Called Strike
0-1: Swinging Strike
0-2: Ball
1-2: Foul Ball, location: 2F
1-2: Ground out 3-1 (Groundball, 23)
Batting: RHB Ben Morton 0-0: Called Strike
0-1: Swinging Strike
0-2: Ball
1-2: Strikes out swinging
Batting: LHB Wilford Lush 0-0: Called Strike
0-1: Foul Ball, location: 2F
0-2: Ball
1-2: Strikes out swinging
Top of the 9th over - 0 run(s), 0 hit(s), 0 error(s), 0 left on base; Tuscaloosa 3 - Cape Cod 7
Monday, December 5th, 2016 - OOTP Baseball 17.12 Build 75